NWL (28 & UNDER)
BISMARK BORDER GUARDS @ BISMARCK BARONS
09/03/2024
 
TOP OF THE 1ST
Bismark Border Guards batting - Pitching for Bismarck Barons : RHP Sébastien Benoit
Pitching: RHP Sébastien Benoit
Batting: RHB Aaron Holt 0-0: Ball
1-0: Ball
2-0: Ball
3-0: Called Strike
3-1: Foul Ball, location: 2F
3-2: Foul Ball, location: 2F
3-2: Strikes out swinging
Batting: LHB Jim Jensen 0-0: Ball
1-0: Called Strike
1-1: Foul Ball, location: 2F
1-2: SINGLE (Groundball, 3D)
Batting: SHB Glenn Vadnais 0-0: Called Strike
0-1: Called Strike
0-2: Ball
1-2: Foul Ball, location: 2F
1-2: Foul Ball, location: 2F
1-2: Strikes out swinging
Batting: RHB Mike Wright 0-0: Ball
1-0: Ball
2-0: Called Strike
2-1: Fielders Choice at 2nd, U6 (Groundball, 6M)
Top of the 1st over - 0 run(s), 1 hit(s), 0 error(s), 1 left on base; Bismark 0 - Bismarck 0
BOTTOM OF THE 1ST
Bismarck Barons batting - Pitching for Bismark Border Guards : LHP Jim Evens
Pitching: LHP Jim Evens
Batting: RHB Tony Quinn 0-0: Ball
1-0: Ball
2-0: Ball
3-0: Called Strike
3-1: Ground out 5-3 (Groundball, 56)
Batting: RHB Seiji Kouno 0-0: Called Strike
0-1: Ball
1-1: Swinging Strike
1-2: Ball
2-2: Strikes out swinging
Batting: RHB Lúcio Flores 0-0: Ground out 4-3 (Groundball, 4)
Bottom of the 1st over - 0 run(s), 0 hit(s), 0 error(s), 0 left on base; Bismark 0 - Bismarck 0
TOP OF THE 2ND
Bismark Border Guards batting - Pitching for Bismarck Barons : RHP Sébastien Benoit
Batting: LHB Rusty Herbert 0-0: Ball
1-0: Foul Ball, location: 2F
1-1: Ball
2-1: Swinging Strike
2-2: Strikes out looking
Batting: RHB José Cintrón 0-0: Ball
1-0: Called Strike
1-1: Swinging Strike
1-2: Strikes out swinging
Batting: RHB Alejandro Ramos 0-0: SINGLE (Groundball, 56)
Batting: RHB Chris Parker 0-0: Ball
1-0: Called Strike
1-1: Ball
2-1: Foul Ball, location: 2F
2-2: Ball
3-2: Strikes out swinging
Top of the 2nd over - 0 run(s), 1 hit(s), 0 error(s), 1 left on base; Bismark 0 - Bismarck 0
BOTTOM OF THE 2ND
Bismarck Barons batting - Pitching for Bismark Border Guards : LHP Jim Evens
Batting: LHB Howard Lambert 0-0: Fly out, F7 (Flyball, 7M)
Batting: RHB Enrique Gasporra 0-0: Called Strike
0-1: Foul Ball, location: 2F
0-2: Strikes out swinging, 2-3 out at first.
Batting: LHB Michael Cook 0-0: Swinging Strike
0-1: Ball
1-1: Foul Ball, location: 2F
1-2: Ball
2-2: Strikes out swinging
Bottom of the 2nd over - 0 run(s), 0 hit(s), 0 error(s), 0 left on base; Bismark 0 - Bismarck 0
TOP OF THE 3RD
Bismark Border Guards batting - Pitching for Bismarck Barons : RHP Sébastien Benoit
Batting: LHB Norbert Mosley 0-0: Called Strike
0-1: Ball
1-1: Foul Ball, location: 2F
1-2: Ball
2-2: Ball
3-2: Foul Ball, location: 2F
3-2: Base on Balls
Batting: RHB Aaron Holt 0-0: Swinging Strike
0-1: Foul Ball, location: 2F
0-2: Ball
1-2: Foul Ball, location: 2F
1-2: Ground out 1-3 (Groundball, 3S)
Norbert Mosley to second
Batting: LHB Jim Jensen 0-0: Called Strike
0-1: Foul Ball, location: 2F
0-2: Ball
1-2: Ball
2-2: Foul Ball, location: 2F
2-2: SINGLE (Groundball, 34D)
Norbert Mosley to third
Runner from 3rd tries for Home, SAFE, no throw or cutoff
Batting: SHB Glenn Vadnais 0-0: Called Strike
0-1: Ball
1-1: Ball
Jim Jensen steals 2nd base
2-1: SINGLE (Line Drive, 4MD)
Jim Jensen to third
Batting: RHB Mike Wright 0-0: Called Strike
0-1: Reached on error, E6 (Groundball, 6M)
Jim Jensen scores
Glenn Vadnais to second
Batting: LHB Rusty Herbert 0-0: Called Strike
0-1: Ball
1-1: Called Strike
1-2: TRIPLE (Line Drive, 89S)
Glenn Vadnais scores
Mike Wright scores
Batting: RHB José Cintrón 0-0: Ground out 1-3 (Groundball, 15S)
Batting: RHB Alejandro Ramos 0-0: Ball
1-0: Ball
2-0: Ball
3-0: Called Strike
3-1: Called Strike
3-2: Fly out, F6 (Popup, 56D)
Top of the 3rd over - 4 run(s), 3 hit(s), 1 error(s), 1 left on base; Bismark 4 - Bismarck 0
BOTTOM OF THE 3RD
Bismarck Barons batting - Pitching for Bismark Border Guards : LHP Jim Evens
Batting: RHB Ronald Parsons 0-0: Called Strike
0-1: Ball
1-1: Called Strike
1-2: Foul Ball, location: 2F
1-2: Ground out 6-3 (Groundball, 56D)
Batting: RHB Paul Ladd 0-0: Ball
1-0: Called Strike
1-1: Foul Ball, location: 2F
1-2: Foul Ball, location: 2F
1-2: Ball
2-2: Foul Ball, location: 2F
2-2: Ball
3-2: Foul Ball, location: 2F
3-2: Foul Ball, location: 2F
3-2: Base on Balls
Batting: RHB Norm Francis 0-0: Ball
1-0: Ball
2-0: Ball
3-0: Called Strike
3-1: SINGLE (Line Drive, 56)
Paul Ladd to second
Batting: RHB Tony Quinn 0-0: Fielders Choice at 2nd, 5-4 (Groundball, 56)
Paul Ladd to third
Batting: RHB Seiji Kouno 0-0: Fly out, F8 (Flyball, 8LM)
Bottom of the 3rd over - 0 run(s), 1 hit(s), 0 error(s), 2 left on base; Bismark 4 - Bismarck 0
TOP OF THE 4TH
Bismark Border Guards batting - Pitching for Bismarck Barons : RHP Sébastien Benoit
Batting: RHB Chris Parker 0-0: Fly out, F9 (Flyball, 89M)
Batting: LHB Norbert Mosley 0-0: Foul Ball, location: 2F
0-1: Swinging Strike
0-2: Strikes out looking
Batting: RHB Aaron Holt 0-0: Called Strike
0-1: Called Strike
0-2: Foul Ball, location: 2F
0-2: Ball
1-2: Foul Ball, location: 2F
1-2: Ball
2-2: Strikes out swinging
Top of the 4th over - 0 run(s), 0 hit(s), 0 error(s), 0 left on base; Bismark 4 - Bismarck 0
BOTTOM OF THE 4TH
Bismarck Barons batting - Pitching for Bismark Border Guards : LHP Jim Evens
Batting: RHB Lúcio Flores 0-0: Foul Ball, location: 2F
0-1: Called Strike
0-2: Ball
1-2: Strikes out looking
Batting: LHB Howard Lambert 0-0: Called Strike
0-1: Called Strike
0-2: Strikes out looking
Batting: RHB Enrique Gasporra 0-0: Called Strike
0-1: Swinging Strike
0-2: Strikes out swinging
Bottom of the 4th over - 0 run(s), 0 hit(s), 0 error(s), 0 left on base; Bismark 4 - Bismarck 0
TOP OF THE 5TH
Bismark Border Guards batting - Pitching for Bismarck Barons : RHP Sébastien Benoit
Pitching: RHP Mike Hodges
Batting: LHB Jim Jensen 0-0: Ball
1-0: Foul Ball, location: 2F
1-1: Foul Ball, location: 2F
1-2: Foul Ball, location: 2F
1-2: Ball
2-2: Foul Ball, location: 2F
2-2: Foul Ball, location: 2F
2-2: SOLO HOME RUN (Flyball, 89XD), Distance : 365 ft
Batting: SHB Glenn Vadnais 0-0: Ball
1-0: Ball
2-0: Called Strike
2-1: Foul Ball, location: 2F
2-2: Strikes out looking
Batting: RHB Mike Wright 0-0: Ball
1-0: Ball
2-0: Ball
3-0: Called Strike
3-1: Base on Balls
Batting: LHB Rusty Herbert 0-0: Ball
1-0: Called Strike
1-1: Called Strike
1-2: Ball
2-2: Ball
3-2: Base on Balls
Mike Wright to second
Batting: RHB José Cintrón 0-0: Called Strike
0-1: SINGLE (Groundball, 6M) (infield hit)
Mike Wright to third
Rusty Herbert to second
Batting: RHB Alejandro Ramos 0-0: Ball
1-0: Called Strike
1-1: Swinging Strike
1-2: Strikes out swinging
Batting: RHB Chris Parker 0-0: Reached on error, E1 (Groundball, 13S)
Mike Wright scores
Rusty Herbert to third
José Cintrón to second
Batting: LHB Norbert Mosley 0-0: Called Strike
0-1: Swinging Strike
0-2: Ball
1-2: Ball
2-2: Foul Ball, location: 2F
2-2: Strikes out swinging
Top of the 5th over - 2 run(s), 2 hit(s), 1 error(s), 3 left on base; Bismark 6 - Bismarck 0
BOTTOM OF THE 5TH
Bismarck Barons batting - Pitching for Bismark Border Guards : LHP Jim Evens
Batting: LHB Michael Cook 0-0: Called Strike
0-1: Foul Ball, location: 2F
0-2: Ball
1-2: Ball
2-2: Ball
3-2: Base on Balls
Batting: RHB Ronald Parsons 0-0: SINGLE (Line Drive, 78S)
Michael Cook to second
Batting: RHB Paul Ladd 0-0: Ball
1-0: Called Strike
1-1: DOUBLE (Line Drive, 7LM)
Michael Cook scores
Ronald Parsons to third
Batting: RHB Norm Francis 0-0: Ball
1-0: Ball
2-0: Ball
3-0: Base on Balls
Batting: RHB Tony Quinn 0-0: Ball
1-0: Called Strike
1-1: Fly out, F7 (Flyball, 7LM)
Runner from 3rd tags up, SCORES, throw made
Batting: RHB Seiji Kouno 0-0: Foul Ball, location: 2F
0-1: Foul Ball, location: 2F
0-2: Strikes out looking
Batting: RHB Lúcio Flores 0-0: Ground out 5-3 (Groundball, 5)
Bottom of the 5th over - 2 run(s), 2 hit(s), 0 error(s), 2 left on base; Bismark 6 - Bismarck 2
TOP OF THE 6TH
Bismark Border Guards batting - Pitching for Bismarck Barons : RHP Mike Hodges
Batting: RHB Aaron Holt 0-0: Called Strike
0-1: Foul Ball, location: 2F
0-2: Foul Ball, location: 2F
0-2: Strikes out swinging
Batting: LHB Jim Jensen 0-0: Called Strike
0-1: Ball
1-1: Ball
2-1: Called Strike
2-2: Foul Ball, location: 2F
2-2: Ball
3-2: Base on Balls
Pitching: RHP Felix Carrado
Batting: SHB Glenn Vadnais 0-0: Called Strike
0-1: Foul Ball, location: 2F
0-2: Strikes out looking
Batting: RHB Mike Wright 0-0: Called Strike
0-1: Fly out, F9 (Flyball, 9M)
Top of the 6th over - 0 run(s), 0 hit(s), 0 error(s), 1 left on base; Bismark 6 - Bismarck 2
BOTTOM OF THE 6TH
Bismarck Barons batting - Pitching for Bismark Border Guards : LHP Jim Evens
Batting: LHB Howard Lambert 0-0: Ball
1-0: Ball
2-0: Swinging Strike
2-1: Called Strike
2-2: Foul Ball, location: 2F
2-2: Ball
3-2: Foul Ball, location: 2F
3-2: SINGLE (Groundball, 4MD)
Batting: RHB Enrique Gasporra 0-0: Ball
1-0: Ball
2-0: Swinging Strike
2-1: Swinging Strike
2-2: Strikes out swinging
Batting: LHB Michael Cook 0-0: Called Strike
0-1: Swinging Strike
0-2: Strikes out swinging
Batting: RHB Ronald Parsons 0-0: Ball
1-0: Ground out U3 (Groundball, 3S)
Bottom of the 6th over - 0 run(s), 1 hit(s), 0 error(s), 1 left on base; Bismark 6 - Bismarck 2
TOP OF THE 7TH
Bismark Border Guards batting - Pitching for Bismarck Barons : RHP Felix Carrado
Batting: LHB Rusty Herbert 0-0: Ball
1-0: Ball
2-0: Ball
3-0: Base on Balls
Batting: RHB José Cintrón 0-0: Sac Bunt - play at first, batter OUT! 1-3
Rusty Herbert to second
Batting: RHB Alejandro Ramos 0-0: Fly out, F8 (Flyball, 8RM)
Batting: RHB Chris Parker 0-0: Ball
1-0: Fly out, F9 (Flyball, 89M)
Top of the 7th over - 0 run(s), 0 hit(s), 0 error(s), 1 left on base; Bismark 6 - Bismarck 2
BOTTOM OF THE 7TH
Bismarck Barons batting - Pitching for Bismark Border Guards : LHP Jim Evens
Batting: RHB Paul Ladd 0-0: Ball
1-0: Foul Ball, location: 2F
1-1: Ball
2-1: Swinging Strike
2-2: Foul Ball, location: 2F
2-2: Strikes out swinging
Pitching: RHP Beau Murphy
Batting: RHB Norm Francis 0-0: Ball
1-0: Ball
2-0: Foul Ball, location: 2F
2-1: SINGLE (Line Drive, 78M)
Batting: RHB Tony Quinn 0-0: Called Strike
0-1: Ball
1-1: Swinging Strike
1-2: Foul Ball, location: 2F
1-2: Ground out 6-3 (Groundball, 6MS)
Norm Francis to second
Batting: RHB Seiji Kouno 0-0: Called Strike
0-1: Called Strike
0-2: Strikes out swinging
Bottom of the 7th over - 0 run(s), 1 hit(s), 0 error(s), 1 left on base; Bismark 6 - Bismarck 2
TOP OF THE 8TH
Bismark Border Guards batting - Pitching for Bismarck Barons : RHP Felix Carrado
Batting: LHB Norbert Mosley 0-0: Called Strike
0-1: Called Strike
0-2: Ball
1-2: Foul Ball, location: 2F
1-2: Ball
2-2: Ball
3-2: Foul Ball, location: 2F
3-2: Foul Ball, location: 2F
3-2: Base on Balls
Batting: RHB Aaron Holt 0-0: Sac Bunt - play at first, batter OUT! 1-3
Norbert Mosley to second
Pitching: LHP Francisco Rodríguez
Batting: LHB Jim Jensen 0-0: Ball
1-0: Ball
2-0: Foul Ball, location: 2F
2-1: Ball
3-1: DOUBLE (Line Drive, 3L)
Norbert Mosley scores
Batting: SHB Glenn Vadnais 0-0: Foul Ball, location: 2F
0-1: Called Strike
0-2: Ball
1-2: Ball
2-2: Fly out, F6 (Popup, 6MD)
Batting: RHB Mike Wright 0-0: Ball
1-0: Ball
2-0: Ground out 6-3 (Groundball, 6)
Top of the 8th over - 1 run(s), 1 hit(s), 0 error(s), 1 left on base; Bismark 7 - Bismarck 2
BOTTOM OF THE 8TH
Bismarck Barons batting - Pitching for Bismark Border Guards : RHP Beau Murphy
Batting: RHB Lúcio Flores 0-0: Ball
1-0: SINGLE (Line Drive, 8LS)
Batting: LHB Howard Lambert 0-0: Ball
1-0: Fly out, F9 (Flyball, 89S)
Batting: RHB Enrique Gasporra 0-0: Foul Ball, location: 2F
0-1: Foul Ball, location: 2F
0-2: Ball
1-2: Foul Ball, location: 2F
1-2: Foul Ball, location: 2F
1-2: Ball
2-2: Fly out, F9 (Flyball, 9LM)
Batting: LHB Michael Cook 0-0: Ball
1-0: Ball
2-0: Ball
3-0: Base on Balls
Lúcio Flores to second
Pitching: RHP Royce Saunders
Batting: RHB Ronald Parsons 0-0: Foul Ball, location: 2F
0-1: Ball
1-1: Fly out, F8 (Flyball, 8RM)
Bottom of the 8th over - 0 run(s), 1 hit(s), 0 error(s), 2 left on base; Bismark 7 - Bismarck 2
TOP OF THE 9TH
Bismark Border Guards batting - Pitching for Bismarck Barons : LHP Francisco Rodríguez
Batting: LHB Rusty Herbert 0-0: Ball
1-0: Ball
2-0: SINGLE (Groundball, 13) (infield hit)
Batting: RHB José Cintrón 0-0: Sac Bunt - play at second, runner safe!
Batting: RHB Alejandro Ramos 0-0: Ball
1-0: Ball
2-0: Ground out 3-1 (Groundball, 34S)
Rusty Herbert to third
José Cintrón to second
Batting: RHB Chris Parker 0-0: Ball
1-0: Called Strike
1-1: Swinging Strike
1-2: Foul Ball, location: 2F
1-2: Foul Ball, location: 2F
1-2: Strikes out swinging
Batting: LHB Norbert Mosley 0-0: Reached on error, E6 (Groundball, 6)
Rusty Herbert scores
José Cintrón to third
Batting: RHB Aaron Holt 0-0: Ball
1-0: Ball
2-0: Called Strike
2-1: Foul Ball, location: 2F
2-2: Strikes out swinging
Top of the 9th over - 1 run(s), 1 hit(s), 1 error(s), 2 left on base; Bismark 8 - Bismarck 2
BOTTOM OF THE 9TH
Bismarck Barons batting - Pitching for Bismark Border Guards : RHP Royce Saunders
Batting: RHB Paul Ladd 0-0: Ground out 6-3 (Groundball, 6M)
Batting: RHB Norm Francis 0-0: Ball
1-0: Called Strike
1-1: Ground out 6-3 (Groundball, 6M)
Batting: RHB Tony Quinn 0-0: Ball
1-0: Called Strike
1-1: Ball
2-1: Ball
3-1: Base on Balls
Batting: RHB Seiji Kouno 0-0: Fielders Choice at 2nd, U4 (Groundball, 4M)
Bottom of the 9th over - 0 run(s), 0 hit(s), 0 error(s), 1 left on base; Bismark 8 - Bismarck 2
This league is powered by Out of the Park Baseball, the baseball management simulation game for PC, Mac and Linux
Saturday, April 9th, 2016 - OOTP Baseball 16.8 Build 38